[Event "Titled Tuesday Blitz August 1 Late 2023"]
[White "Aravindh, Chithambaram VR."]
[Black "ExchangeAB"]
[WhiteFideId "5072786"]
[WhiteElo "2887"]
[BlackElo "2468"]
[Result "1-0"]
[Round "1"]
[TimeControl "180+1"]
[Date "2023.08.01"]
[WhiteClock "0:00:38"]
[BlackClock "0:01:06"]
[Board "26"]

1. b3 e5 2. Bb2 Nc6 3. c4 Nf6 4. Nf3 d6 5. e3 g6 6. d4 exd4 7. Nxd4 Nxd4 8. Qxd4 Bg7 9. Nc3 O-O 10. Be2 Nd7 11. Qd2 Re8 12. O-O Nc5 13. Rad1 Bf5 14. Nd5 Ne4 15. Qc1 Nf6 16. Qa1 Re6 17. c5 c6 18. Nf4 d5 19. Nxe6 Bxe6 20. e4 Qe7 21. exd5 Bxd5 22. Rfe1 Ne8 23. Bxg7 Nxg7 24. Bf3 Qxc5 25. Bxd5 cxd5 26. Qd4 Qa3 27. Qxd5 Qxa2 28. Qxb7 Rf8 29. Ra1 Qd2 30. Qxa7 Ne6 31. Qe3 Qb4 32. Ra4 Qb5 33. Rea1 Nc5 34. Ra5 1-0


[Site "https://www.chess.com"]

[Event "Titled Tuesday Blitz August 1 Late 2023"]
[White "Polaczek, Richard"]
[Black "Perez Ponsa, Federico"]
[WhiteFideId "200026"]
[BlackFideId "117927"]
[WhiteElo "2468"]
[BlackElo "2882"]
[Result "0-1"]
[Round "1"]
[TimeControl "180+1"]
[Date "2023.08.01"]
[WhiteClock "0:00:15"]
[BlackClock "0:01:47"]
[Board "27"]

1. d4 Nf6 2. Nf3 g6 3. Bg5 Bg7 4. Nbd2 O-O 5. c3 d6 6. e4 c5 7. dxc5 dxc5 8. Qc2 Nc6 9. Bc4 Qc7 10. O-O Rd8 11. Rfe1 h6 12. Bh4 Nh5 13. a4 Na5 14. Bf1 Be6 15. Bg3 Nxg3 16. hxg3 c4 17. e5 Bf5 18. Ne4 Bxe5 19. Re3 Bg7 20. Rae1 Nb3 21. Nh2 Nc5 22. g4 Bxe4 0-1


[Site "https://www.chess.com"]

[Event "Titled Tuesday Blitz August 1 Late 2023"]
[White "Harshavardhan G B"]
[Black "ArchibaldCerveza29"]
[WhiteFideId "25059009"]
[WhiteElo "2872"]
[BlackElo "2467"]
[Result "1/2-1/2"]
[Round "1"]
[TimeControl "180+1"]
[Date "2023.08.01"]
[WhiteClock "0:00:16"]
[BlackClock "0:00:03"]
[Board "28"]

1. Nf3 d5 2. d4 Nf6 3. c4 e6 4. g3 Be7 5. Bg2 O-O 6. Qc2 dxc4 7. Qxc4 a6 8. Qc2 Nc6 9. O-O Nxd4 10. Nxd4 Qxd4 11. Qxc7 Bd6 12. Qc2 Bd7 13. Rd1 Qb6 14. Be3 Qc7 15. Qxc7 Bxc7 16. Nc3 Rab8 17. Rac1 Rfc8 18. Ba7 Ra8 19. Bd4 Bc6 20. Bxc6 bxc6 21. Bxf6 gxf6 22. Ne4 Be5 23. b3 f5 24. Nc5 a5 25. f4 Bb2 26. Rc2 Ba3 27. Rd7 Rd8 28. Rc7 Rd1+ 29. Kf2 Bxc5+ 30. Rxc5 Rd2 31. a4 Rb2 32. Rb7 Rd8 33. Rxa5 Rdd2 34. Re5 Rd3 35. Re3 Rd5 36. h3 Kf8 37. Kf3 Rd1 38. Kf2 Rd5 39. Kf3 Rd1 40. Rd3 Rf1+ 41. Ke3 Re1 42. Rd8+ Kg7 43. Rdd7 Rexe2+ 44. Kd4 Red2+ 45. Kc5 Rxd7 46. Rxd7 Rxb3 47. Kxc6 Rxg3 48. a5 Rxh3 49. a6 Ra3 50. Kb7 h5 51. a7 Kg6 52. Rd8 f6 53. Rg8+ Kf7 54. Rg3 Ra1 55. a8=Q Rxa8 56. Kxa8 e5 57. Kb7 Ke6 58. Kc6 exf4 59. Rg1 Ke5 60. Kc5 f3 61. Kc4 Ke4 62. Re1+ Kf4 63. Kd3 h4 64. Rh1 Kg3 65. Rg1+ Kf2 66. Rg8 h3 67. Rh8 Kg2 68. Rg8+ Kf2 69. Rh8 Kg2 70. Ke3 h2 71. Rg8+ Kf1 72. Rh8 Kg1 73. Rg8+ Kf1 74. Rh8 Kg2 75. Rg8+ Kf1 1/2-1/2


[Site "https://www.chess.com"]

[Event "Titled Tuesday Blitz August 1 Late 2023"]
[White "Hamley, Ryan"]
[Black "Shtembuliak, Evgeny"]
[WhiteFideId "30959497"]
[BlackFideId "14113325"]
[WhiteElo "2467"]
[BlackElo "2869"]
[Result "0-1"]
[Round "1"]
[TimeControl "180+1"]
[Date "2023.08.01"]
[WhiteClock "0:00:00"]
[BlackClock "0:00:18"]
[Board "29"]

1. d4 Nf6 2. c4 d6 3. Nc3 Bf5 4. g3 e5 5. Bg2 c6 6. Nf3 Nbd7 7. O-O h6 8. Re1 e4 9. Nd2 d5 10. b3 Be7 11. Bb2 O-O 12. Nf1 Nb6 13. Ne3 Be6 14. cxd5 cxd5 15. Rc1 Ng4 16. Nxg4 Bxg4 17. f3 exf3 18. exf3 Be6 19. Qd3 Bf6 20. Nb5 Rc8 21. Ba3 Rxc1 22. Rxc1 Re8 23. Nc7 Be7 24. Nxe6 fxe6 25. Bc5 Nd7 26. Bxe7 Rxe7 27. Bh3 Nf8 28. Re1 Qd6 29. Re5 Rc7 30. Qd2 Qc6 31. Kf2 b6 32. f4 g6 33. Qe2 Kf7 34. Qd2 Qc1 35. Re2 Qh1 36. Bg2 Qxh2 37. Re1 Qh5 38. Qe3 Rc2+ 39. Kg1 Qf5 40. Re2 Rxe2 41. Qxe2 g5 42. fxg5 Qxg5 43. Qf2+ Kg7 44. Qc2 Qxg3 45. Qc6 Qe1+ 46. Kh2 Qh4+ 47. Kg1 Qxd4+ 48. Kh2 Qe5+ 49. Kh1 Ng6 50. Qb7+ Kf6 51. Qxa7 Qe1+ 52. Kh2 Qh4+ 53. Kg1 Qd4+ 54. Kh1 Nf4 55. Qb8 Qd1+ 56. Kh2 Qh5+ 57. Kg1 Qg5 58. Qd8+ Ke5 59. Qb8+ Kf6 60. Qf8+ Kg6 61. Qe8+ Kg7 62. Qd7+ Kg6 63. Qe8+ Kf5 64. Qf8+ Kg4 0-1


[Site "https://www.chess.com"]

[Event "Titled Tuesday Blitz August 1 Late 2023"]
[White "Moroni, Luca Jr"]
[Black "szachmistrz2500"]
[WhiteFideId "865834"]
[WhiteElo "2868"]
[BlackElo "2467"]
[Result "1-0"]
[Round "1"]
[TimeControl "180+1"]
[Date "2023.08.01"]
[WhiteClock "0:01:04"]
[BlackClock "0:00:44"]
[Board "30"]

1. d4 c5 2. d5 e5 3. dxe6 fxe6 4. e4 Nc6 5. Nf3 Nf6 6. Nc3 d5 7. exd5 exd5 8. Bb5 d4 9. Ne2 Bd6 10. Bxc6+ bxc6 11. Bf4 Ba6 12. Bxd6 Qxd6 13. O-O O-O 14. Re1 Rae8 15. Ng3 Qd5 16. Qd2 Ne4 17. Nxe4 Rxe4 18. Rxe4 Qxe4 19. Re1 Qd5 20. a3 h6 21. Re5 Qd6 22. Qe1 Bc8 23. Qe4 Bd7 24. h3 a5 25. Nd2 Qf6 26. Nf3 Qd6 27. Qe2 Bf5 28. Qc4+ Rf7 29. Rxf5 1-0


[Site "https://www.chess.com"]

[Event "Titled Tuesday Blitz August 1 Late 2023"]
[White "Romero Pallares, Daniel"]
[Black "Zierk, Steven"]
[WhiteFideId "32025637"]
[BlackFideId "2034255"]
[WhiteElo "2466"]
[BlackElo "2861"]
[Result "1-0"]
[Round "1"]
[TimeControl "180+1"]
[Date "2023.08.01"]
[WhiteClock "0:01:37"]
[BlackClock "0:02:25"]
[Board "31"]

1. d4 d5 2. Nc3 Nf6 3. Bf4 c5 4. e3 cxd4 5. exd4 a6 6. Nf3 Bg4 7. Be2 Nc6 8. Ne5 Bxe2 9. Nxe2 e6 10. c3 Bd6 11. Ng3 O-O 12. O-O Qc7 13. Re1 b5 14. Nh5 Nd7 15. Qg4 g6 16. Nxd7 Bxf4 17. Qxf4 Qxf4 18. Nxf4 Rfd8 19. Ne5 Na5 20. b4 Nb7 21. Nfd3 Nd6 22. a4 a5 23. bxa5 Rxa5 24. Nc6 Rda8 25. Nxa5 Rxa5 26. axb5 Rxa1 27. Rxa1 1-0


[Site "https://www.chess.com"]

[Event "Titled Tuesday Blitz August 1 Late 2023"]
[White "Hansen, Eric"]
[Black "Jimenez Jimenez, Leandro"]
[WhiteFideId "2606771"]
[BlackFideId "6415253"]
[WhiteElo "2859"]
[BlackElo "2465"]
[Result "0-1"]
[Round "1"]
[TimeControl "180+1"]
[Date "2023.08.01"]
[WhiteClock "0:00:03"]
[BlackClock "0:00:03"]
[Board "32"]

1. e4 e5 2. Nf3 Nc6 3. Bc4 Bc5 4. O-O d6 5. c3 Nf6 6. d4 Bb6 7. h3 O-O 8. dxe5 Nxe5 9. Nxe5 dxe5 10. Qe2 Qe7 11. Nd2 Rd8 12. Nf3 Be6 13. Bg5 h6 14. Bxf6 Qxf6 15. Rad1 c6 16. a4 a5 17. Bxe6 Qxe6 18. Rxd8+ Rxd8 19. Rd1 Rd6 20. Rd2 Qd7 21. Kf1 Rxd2 22. Nxd2 Bc7 23. Ke1 Kf8 24. Qc4 Ke7 25. Nf3 Qe6 26. Qxe6+ Kxe6 27. Ke2 g6 28. Ne1 Bd6 29. Nd3 b5 30. b3 h5 31. Ke3 Bf8 32. Ke2 Be7 33. g3 Bf8 34. Kd2 Bh6+ 35. Kc2 Bf8 36. Kd1 f5 37. f3 Be7 38. Ke2 Bf8 39. Nb2 Ba3 40. Nd3 Be7 41. Kd2 Bf8 42. Kc2 Be7 43. axb5 cxb5 44. c4 bxc4 45. bxc4 a4 46. Kc3 Bf8 47. c5 g5 48. exf5+ Kxf5 49. g4+ hxg4 50. hxg4+ Ke6 51. Kc4 a3 52. Nb4 Be7 53. Kb5 e4 54. fxe4 Ke5 55. Kc4 Kxe4 56. Na2 Kf4 57. c6 Bd6 58. Kd5 Bc7 59. Nc3 Kxg4 60. Ke6 Kf3 61. Kd7 Bf4 62. Ke6 g4 63. Nd5 Bb8 64. Kd7 g3 65. Kc8 Be5 66. c7 Bxc7 0-1


[Site "https://www.chess.com"]

[Event "Titled Tuesday Blitz August 1 Late 2023"]
[White "Goncalves, Davi Sulzbacher"]
[Black "Kowalski, Igor"]
[WhiteFideId "2154510"]
[BlackFideId "1172468"]
[WhiteElo "2464"]
[BlackElo "2853"]
[Result "0-1"]
[Round "1"]
[TimeControl "180+1"]
[Date "2023.08.01"]
[WhiteClock "0:00:00"]
[BlackClock "0:00:45"]
[Board "33"]

1. Nf3 g6 2. c4 Bg7 3. d4 Nf6 4. g3 O-O 5. Bg2 c6 6. O-O d5 7. Qb3 Qb6 8. Qxb6 axb6 9. Nbd2 Bf5 10. b3 Ne4 11. Bb2 Na6 12. cxd5 cxd5 13. a3 Rfc8 14. Rfc1 e6 15. e3 Nxd2 16. Nxd2 Bd3 17. Rxc8+ Rxc8 18. Rc1 Rc2 19. Rxc2 Bxc2 20. Bf1 Nc5 21. b4 Nd3 22. Bc3 h5 23. f3 h4 24. e4 Kf8 25. exd5 exd5 26. f4 hxg3 27. hxg3 Ke7 28. Kg2 Kd6 29. Kf3 Nc1 30. Ke3 Bf5 31. Bg2 f6 32. b5 Ke6 33. Bb4 g5 34. a4 Bh6 35. Bf3 gxf4+ 36. gxf4 Nd3 37. Nb3 Nxb4 0-1


[Site "https://www.chess.com"]

[Event "Titled Tuesday Blitz August 1 Late 2023"]
[White "Maksimovic, Bojan"]
[Black "Sathish, Pranav"]
[WhiteFideId "14408120"]
[BlackFideId "30967538"]
[WhiteElo "2852"]
[BlackElo "2459"]
[Result "1-0"]
[Round "1"]
[TimeControl "180+1"]
[Date "2023.08.01"]
[WhiteClock "0:01:22"]
[BlackClock "0:00:35"]
[Board "34"]

1. Nf3 Nf6 2. g3 d5 3. Bg2 g6 4. O-O Bg7 5. d3 O-O 6. Nbd2 c5 7. e4 Nc6 8. Re1 e5 9. c3 Re8 10. a3 a5 11. exd5 Nxd5 12. a4 h6 13. Nc4 Be6 14. Qb3 Qc7 15. Bd2 Rad8 16. Rad1 f5 17. Bc1 Bf7 18. Nfd2 Kh7 19. Qb5 Bf8 20. Nb3 Qc8 21. Nbxa5 Nxa5 22. Nxa5 Re7 23. Nc4 Bg7 24. a5 Be8 25. Qb3 Bc6 26. Ne3 Nxe3 27. Bxe3 Bxg2 28. Kxg2 f4 29. Bc1 f3+ 30. Kxf3 Qh3 31. Be3 Rf8+ 32. Ke2 e4 33. dxe4 Rxe4 34. Kd2 Qxh2 35. Kc1 Qg2 36. Rd7 Kh8 37. Red1 Rxe3 38. fxe3 Qxg3 39. Qxb7 Qxe3+ 40. Kb1 1-0


[Site "https://www.chess.com"]

[Event "Titled Tuesday Blitz August 1 Late 2023"]
[White "Manukian, Artak"]
[Black "Rasulov, Vugar"]
[WhiteFideId "13301373"]
[BlackFideId "13402390"]
[WhiteElo "2458"]
[BlackElo "2845"]
[Result "1-0"]
[Round "1"]
[TimeControl "180+1"]
[Date "2023.08.01"]
[WhiteClock "0:00:13"]
[BlackClock "0:00:06"]
[Board "35"]

1. e4 c5 2. Nf3 Nc6 3. c3 Nf6 4. e5 Nd5 5. d4 cxd4 6. cxd4 d6 7. Nc3 Nxc3 8. bxc3 e6 9. Bf4 Be7 10. Bd3 O-O 11. O-O b6 12. exd6 Bxd6 13. Bxh7+ Kxh7 14. Ng5+ Kg6 15. Qg4 f5 16. Qh4 Rh8 17. Qg3 Bxf4 18. Qxf4 Qxg5 19. Qd6 Nd8 20. d5 Kh7 21. f4 Qf6 22. Rf3 Nf7 23. Rh3+ Kg8 24. Rxh8+ Kxh8 25. Qc6 exd5 26. Qxa8 Qxc3 27. Rd1 Qc5+ 28. Kh1 d4 29. Qxa7 Nd6 30. Qe7 Bb7 31. Qd8+ Kh7 32. Qh4+ Kg8 33. Qd8+ Kf7 34. Qd7+ Kg6 35. Qe6+ Kh7 36. Qe5 Qc2 37. Rg1 d3 38. Qxd6 d2 39. h4 Bxg2+ 40. Kh2 Bd5 41. Qg6+ Kg8 42. Qxg7# 1-0


[Site "https://www.chess.com"]

[Event "Titled Tuesday Blitz August 1 Late 2023"]
[White "Rustemov, Alexander"]
[Black "Urbina Perez, Juan Antonio"]
[WhiteFideId "4119002"]
[BlackFideId "2217368"]
[WhiteElo "2843"]
[BlackElo "2457"]
[Result "1/2-1/2"]
[Round "1"]
[TimeControl "180+1"]
[Date "2023.08.01"]
[WhiteClock "0:00:10"]
[BlackClock "0:00:56"]
[Board "36"]

1. d4 d5 2. c4 c6 3. Nc3 Nf6 4. e3 a6 5. Qc2 g6 6. Nf3 Bg7 7. Bd3 O-O 8. O-O Re8 9. h3 dxc4 10. Bxc4 b5 11. Be2 Nbd7 12. Rd1 Bb7 13. e4 Qc8 14. e5 Nd5 15. Ne4 c5 16. Nxc5 Nxc5 17. Qxc5 Qxc5 18. dxc5 b4 19. Bd2 Rec8 20. Rac1 Rc7 21. a3 a5 22. Bb5 Rac8 23. axb4 axb4 24. Rc4 Rxc5 25. Rdc1 Rxc4 26. Rxc4 Rxc4 27. Bxc4 e6 28. b3 Bf8 29. Nd4 Nb6 30. Be2 Bd5 31. Nc2 Bxb3 32. Nxb4 Nd5 33. Nxd5 Bxd5 34. f4 h5 35. Be3 Be7 36. g4 hxg4 37. hxg4 Kg7 38. Kf2 Bb4 1/2-1/2


[Site "https://www.chess.com"]

[Event "Titled Tuesday Blitz August 1 Late 2023"]
[White "Miszler, Levente"]
[Black "Grigoriants, Sergey"]
[WhiteFideId "763276"]
[BlackFideId "4130804"]
[WhiteElo "2456"]
[BlackElo "2838"]
[Result "0-1"]
[Round "1"]
[TimeControl "180+1"]
[Date "2023.08.01"]
[WhiteClock "0:00:43"]
[BlackClock "0:00:37"]
[Board "37"]

1. Nf3 d5 2. c4 d4 3. e3 Nc6 4. exd4 Nxd4 5. Nxd4 Qxd4 6. Nc3 c6 7. d3 Nh6 8. Be3 Qd6 9. d4 Nf5 10. Qd2 g6 11. Be2 Bg7 12. O-O-O O-O 13. g4 Nxe3 14. Qxe3 Rd8 15. d5 Bd7 16. Bf3 Qb4 17. dxc6 Bxc6 18. Bxc6 bxc6 19. a3 Qxc4 20. Qxe7 Rxd1+ 21. Rxd1 Bxc3 22. Rd8+ Rxd8 23. Qxd8+ Kg7 24. bxc3 Qxc3+ 25. Kd1 Qf3+ 26. Ke1 Qxg4 27. Qc7 Qe4+ 28. Kf1 a6 29. Qb6 Qd3+ 30. Kg2 Qxa3 31. Qxc6 Qa1 32. h4 h5 33. f4 Qf6 34. Qc4 Qxh4 35. Qxa6 Qg4+ 36. Kh1 Qxf4 37. Qc8 Qe5 38. Kg2 g5 39. Qc2 g4 40. Kh1 h4 41. Qd3 h3 42. Qc4 Qe1+ 43. Kh2 Qf2+ 44. Kh1 Qg2# 0-1


[Site "https://www.chess.com"]

[Event "Titled Tuesday Blitz August 1 Late 2023"]
[White "Pichot, Alan"]
[Black "Papp, Petra"]
[WhiteFideId "110973"]
[BlackFideId "739049"]
[WhiteElo "2836"]
[BlackElo "2456"]
[Result "1-0"]
[Round "1"]
[TimeControl "180+1"]
[Date "2023.08.01"]
[WhiteClock "0:02:15"]
[BlackClock "0:00:02"]
[Board "38"]

1. e4 c5 2. Nf3 d6 3. Nc3 Nf6 4. d4 cxd4 5. Qxd4 Nc6 6. Qd3 g6 7. Nd5 Bg7 8. c3 O-O 9. Bg5 Be6 10. Be2 Rc8 11. O-O Nd7 12. Rfd1 h6 13. Bh4 g5 14. Bg3 Nce5 15. Nxe5 Nxe5 16. Qe3 Nc6 17. h4 g4 18. Nf4 Bd7 19. Nh5 Qa5 20. Rd5 Qb6 21. Qd2 Be6 22. Nxg7 Kxg7 23. Rh5 Rh8 24. Bf4 Ne5 25. Bxh6+ Kg8 26. Rxe5 Rxh6 27. Rb5 1-0


[Site "https://www.chess.com"]

[Event "Titled Tuesday Blitz August 1 Late 2023"]
[White "Yeritsyan, Hayk"]
[Black "Bazeev, German"]
[WhiteFideId "13307320"]
[BlackFideId "24119350"]
[WhiteElo "2453"]
[BlackElo "2820"]
[Result "0-1"]
[Round "1"]
[TimeControl "180+1"]
[Date "2023.08.01"]
[WhiteClock "0:00:06"]
[BlackClock "0:00:30"]
[Board "39"]

1. d4 Nf6 2. Nf3 e6 3. e3 c5 4. Bd3 Nc6 5. c3 d5 6. Bd2 Be7 7. Bc1 O-O 8. Nbd2 b6 9. Qe2 Bb7 10. O-O Nd7 11. Bc2 Rc8 12. dxc5 bxc5 13. e4 Re8 14. Re1 d4 15. c4 e5 16. Bd3 Nb6 17. a3 a5 18. Rd1 Rc7 19. a4 Bf8 20. b3 g6 21. Ba3 Nb8 22. Ne1 Bc8 23. Nc2 f5 24. f3 Rf7 25. Rf1 Bh6 26. Rad1 Qc7 27. Rfe1 Na6 28. Rf1 Bf8 29. Nb1 f4 30. g4 fxg3 31. hxg3 h5 32. Bc1 Be6 33. Rf2 Bd6 34. Rdf1 Kg7 35. Bd2 Nd7 36. Qe1 Qb7 37. Na1 Bh3 38. Na3 Bxf1 39. Qxf1 Nb4 40. Nb5 Be7 41. Nc2 Nf6 42. Nxb4 cxb4 43. Qh3 Qd7 44. Qg2 Ref8 45. Rf1 Ng4 46. fxg4 Qxg4 47. Rxf7+ Rxf7 48. Be2 Qd7 49. Bd3 Qd8 50. Qh3 Bg5 51. Be1 Qf6 52. Qg2 Qf3 53. Qxf3 Rxf3 54. Bc2 d3 55. Bd1 Be3+ 56. Kg2 Rf6 57. c5 d2 58. Bxd2 Rf2+ 59. Kg1 Rxd2+ 60. Kf1 Bxc5 61. Ke1 Rg2 62. Be2 Rxg3 63. Kd2 h4 64. Nd4 Bxd4 0-1


[Site "https://www.chess.com"]

[Event "Titled Tuesday Blitz August 1 Late 2023"]
[White "Ashraf, Artin"]
[Black "D`Arruda, Ricardo D."]
[WhiteFideId "22514805"]
[BlackFideId "100692"]
[WhiteElo "2820"]
[BlackElo "2450"]
[Result "1-0"]
[Round "1"]
[TimeControl "180+1"]
[Date "2023.08.01"]
[WhiteClock "0:01:33"]
[BlackClock "0:00:32"]
[Board "40"]

1. d4 Nf6 2. c4 e5 3. e3 exd4 4. exd4 d5 5. Nc3 Bb4 6. Bg5 O-O 7. Bxf6 Qxf6 8. cxd5 c6 9. Bd3 cxd5 10. Ne2 Nc6 11. O-O Be6 12. Bc2 Rad8 13. Qd3 g6 14. Rad1 Rfe8 15. Qg3 Bd6 16. f4 Nb4 17. Bb1 Bf5 18. Bxf5 Qxf5 19. Qf3 Nc2 20. Nxd5 Bb8 21. Nec3 Re6 22. g4 Nxd4 23. Rxd4 Qc2 24. Nf6+ 1-0


[Site "https://www.chess.com"]

[Event "Titled Tuesday Blitz August 1 Late 2023"]
[White "slidingknight2775"]
[Black "Lamaze, Simon"]
[BlackFideId "36069264"]
[WhiteElo "2448"]
[BlackElo "2803"]
[Result "0-1"]
[Round "1"]
[TimeControl "180+1"]
[Date "2023.08.01"]
[WhiteClock "0:00:02"]
[BlackClock "0:00:51"]
[Board "41"]

1. Nf3 Nf6 2. g3 g6 3. Bg2 Bg7 4. O-O O-O 5. c4 d6 6. Nc3 c5 7. d4 Nc6 8. dxc5 dxc5 9. Be3 Qa5 10. Qb3 Qb4 11. Nd5 Nxd5 12. cxd5 c4 13. Qc2 Bf5 14. Qd2 Rfd8 15. a3 Qxd2 16. Nxd2 Na5 17. Ra2 e6 18. dxe6 Bxe6 19. Ne4 c3 20. b3 Bxb3 21. Raa1 c2 22. Rac1 Rd1 23. Nc5 Rxf1+ 24. Bxf1 Rc8 25. Bh3 f5 26. Bg2 Kh8 27. Bxb7 Nxb7 28. Nxb3 Bb2 29. Kg2 Bxc1 30. Bxc1 Kg8 31. Kf3 Rc3+ 32. e3 Rxb3 0-1


[Site "https://www.chess.com"]

[Event "Titled Tuesday Blitz August 1 Late 2023"]
[White "Hambleton, Aman"]
[Black "Rodriguez, Santiago"]
[WhiteFideId "2606577"]
[BlackFideId "3000591"]
[WhiteElo "2801"]
[BlackElo "2446"]
[Result "1-0"]
[Round "1"]
[TimeControl "180+1"]
[Date "2023.08.01"]
[WhiteClock "0:00:04"]
[BlackClock "0:00:00"]
[Board "42"]

1. d4 Nf6 2. Bf4 e6 3. e3 c5 4. c3 d5 5. Nd2 Bd6 6. Ngf3 Bxf4 7. exf4 Qc7 8. g3 cxd4 9. Nxd4 Nc6 10. N2f3 O-O 11. Bd3 Nxd4 12. Nxd4 e5 13. fxe5 Qxe5+ 14. Qe2 Qc7 15. O-O Bg4 16. f3 Rfe8 17. Qf2 Bh3 18. Rfe1 h5 19. Rxe8+ Rxe8 20. Re1 Rxe1+ 21. Qxe1 g6 22. Qe3 a6 23. Kf2 h4 24. Ne2 hxg3+ 25. hxg3 Kg7 26. Qd4 Qd6 27. Nf4 Bc8 28. Bc4 Be6 29. Bb3 b5 30. g4 Bxg4 31. fxg4 Kf8 32. Kf3 g5 33. Nxd5 Nxd5 34. Bxd5 Qh2 35. Qc5+ Kg7 36. Qd4+ Kf8 37. Ke3 Qg1+ 38. Kd3 Qd1+ 39. Ke3 Qg1+ 40. Kd2 Qh2+ 41. Kc1 Qd6 42. a3 Ke7 43. Kb1 f6 44. Ka2 a5 45. Qe4+ 1-0


[Site "https://www.chess.com"]

[Event "Titled Tuesday Blitz August 1 Late 2023"]
[White "Karas, Marek"]
[Black "Bauman_Guy"]
[WhiteFideId "14928558"]
[WhiteElo "2445"]
[BlackElo "2799"]
[Result "0-1"]
[Round "1"]
[TimeControl "180+1"]
[Date "2023.08.01"]
[WhiteClock "0:02:26"]
[BlackClock "0:02:41"]
[Board "43"]

1. d4 Nf6 2. Nf3 b6 3. c4 Bb7 4. Nc3 e6 5. a3 d5 6. cxd5 Nxd5 7. Qc2 g6 8. e4 Nxc3 9. bxc3 Bg7 10. Bg5 Qc8 11. Bd3 c5 12. Qe2 cxd4 13. cxd4 Qc3+ 0-1


[Site "https://www.chess.com"]

[Event "Titled Tuesday Blitz August 1 Late 2023"]
[White "Grigorov, Grigor"]
[Black "Novikov, Evgenij"]
[WhiteFideId "2907313"]
[BlackFideId "4125380"]
[WhiteElo "2788"]
[BlackElo "2443"]
[Result "1-0"]
[Round "1"]
[TimeControl "180+1"]
[Date "2023.08.01"]
[WhiteClock "0:00:06"]
[BlackClock "0:00:00"]
[Board "44"]

1. Nf3 d6 2. d4 Nd7 3. e4 c6 4. Bd3 e5 5. c3 Be7 6. O-O Ngf6 7. Re1 O-O 8. Nbd2 a5 9. a4 Re8 10. Nf1 Qc7 11. Ng3 Nf8 12. h3 Ng6 13. Bg5 h6 14. Be3 b6 15. Qd2 Kh7 16. Rad1 Ba6 17. Bc2 c5 18. Nf5 Bf8 19. d5 b5 20. axb5 Bxb5 21. g4 Ng8 22. Ra1 f6 23. Ba4 Qd7 24. Qc2 Reb8 25. b3 Nf4 26. Bxf4 exf4 27. e5 g6 28. N5h4 Qg7 29. e6 Ne7 30. Bxb5 Rxb5 31. c4 Rb7 32. Ng2 f5 33. g5 h5 34. Nxf4 Qh8 35. Ra3 Bg7 36. Qd2 Bc3 37. Qe3 Bxe1 38. Qxe1 Qb2 39. Rxa5 Rxa5 40. Qxa5 Qc1+ 41. Kg2 Qxf4 42. Qd8 Qc1 43. Qe8 Qb2 44. Qd8 Qg7 45. Qxd6 Rxb3 46. Qxc5 f4 47. d6 Nf5 48. d7 Rxf3 49. Kxf3 Nh4+ 50. Ke4 Qc3 51. Qe7+ 1-0


[Site "https://www.chess.com"]

[Event "Titled Tuesday Blitz August 1 Late 2023"]
[White "Zhukova, Natalia"]
[Black "Basso, Pier Luigi"]
[WhiteFideId "14101513"]
[BlackFideId "866970"]
[WhiteElo "2441"]
[BlackElo "2785"]
[Result "0-1"]
[Round "1"]
[TimeControl "180+1"]
[Date "2023.08.01"]
[WhiteClock "0:00:00"]
[BlackClock "0:01:07"]
[Board "45"]

1. c4 c6 2. Nc3 d5 3. d4 Nf6 4. Nf3 e6 5. e3 Nbd7 6. Bd3 dxc4 7. Bxc4 b5 8. Be2 Bb7 9. e4 b4 10. e5 bxc3 11. exf6 Nxf6 12. bxc3 Bd6 13. Nd2 O-O 14. Rb1 Rb8 15. Nc4 c5 16. Nxd6 Qxd6 17. O-O cxd4 18. Qxd4 Qxd4 19. cxd4 Be4 20. Rxb8 Rxb8 21. Ba3 Bd5 22. Bc5 Rb2 23. Bd3 Rxa2 24. Rb1 Nd7 25. Bb5 Nxc5 26. dxc5 Kf8 27. Bd3 Ke7 28. h4 h6 29. Rb8 Ra5 30. Rc8 Kd7 31. Rf8 e5 32. Rg8 g6 33. Rh8 h5 0-1


[Site "https://www.chess.com"]

[Event "Titled Tuesday Blitz August 1 Late 2023"]
[White "Kushko, Dmitriy"]
[Black "Rama, Tejas"]
[WhiteFideId "14162261"]
[BlackFideId "30907381"]
[WhiteElo "2779"]
[BlackElo "2440"]
[Result "1-0"]
[Round "1"]
[TimeControl "180+1"]
[Date "2023.08.01"]
[WhiteClock "0:01:11"]
[BlackClock "0:00:47"]
[Board "46"]

1. Nf3 d5 2. g3 Nf6 3. Bg2 c5 4. O-O e6 5. c4 dxc4 6. Na3 Be7 7. Nxc4 O-O 8. b3 b5 9. Nce5 Bb7 10. Bb2 Nbd7 11. d4 cxd4 12. Qxd4 Nxe5 13. Nxe5 Bxg2 14. Kxg2 Qxd4 15. Bxd4 a6 16. Nc6 Bd6 17. Rfd1 Rac8 18. Na7 Rcd8 19. a4 bxa4 20. Rxa4 Nd5 21. Rxa6 Ra8 22. Rxd6 1-0


[Site "https://www.chess.com"]

[Event "Titled Tuesday Blitz August 1 Late 2023"]
[White "CatLivesMatter"]
[Black "Fantastic_Power"]
[WhiteElo "2438"]
[BlackElo "2777"]
[Result "1-0"]
[Round "1"]
[TimeControl "180+1"]
[Date "2023.08.01"]
[WhiteClock "0:00:18"]
[BlackClock "0:00:27"]
[Board "47"]

1. e4 c5 2. Nf3 e6 3. d4 cxd4 4. Nxd4 Nf6 5. Nc3 Nc6 6. g3 Be7 7. Bg2 Qc7 8. O-O d6 9. Kh1 O-O 10. Be3 a6 11. f4 b5 12. g4 Bb7 13. g5 Nd7 14. Qe1 Nc5 15. Qh4 b4 16. Nxc6 Qxc6 17. Bxc5 Qxc5 18. Ne2 Qxc2 19. Ng3 Qxb2 20. f5 exf5 21. Nxf5 Qe5 22. Rae1 Rac8 23. Re3 Rc3 24. Rxc3 bxc3 25. Qf4 Rc8 26. Qxe5 Bf8 27. Ne7+ Kh8 28. Qxd6 Re8 29. Rxf7 c2 30. Rxf8+ Rxf8 31. Ng6+ hxg6 32. Qxf8+ Kh7 33. Qf1 Bc6 34. Qc1 Ba4 35. e5 Kg8 36. Be4 Kf7 37. Bxc2 Bc6+ 38. Kg1 Ke6 39. Bb3+ Kxe5 40. Qxc6 Kf4 41. Qxg6 Ke3 42. Qxg7 Kd2 43. Qd4+ Kc1 44. Qc3+ Kb1 45. Qc2+ Ka1 46. Qc1# 1-0


[Site "https://www.chess.com"]

[Event "Titled Tuesday Blitz August 1 Late 2023"]
[White "Stoyanov, Tsvetan"]
[Black "Rios Escobar, Adan"]
[WhiteFideId "2917173"]
[BlackFideId "3403645"]
[WhiteElo "2777"]
[BlackElo "2437"]
[Result "0-1"]
[Round "1"]
[TimeControl "180+1"]
[Date "2023.08.01"]
[WhiteClock "0:02:26"]
[BlackClock "0:01:21"]
[Board "48"]

1. b3 e5 2. Bb2 d6 3. e3 g6 4. d4 Bg7 5. dxe5 Nc6 6. Nf3 Bg4 7. Nc3 Nxe5 8. Be2 Ne7 9. Nxe5 Bxe2 10. Nxf7 Bxd1 11. Nxd8 Bg4 12. Nxb7 a5 13. Rd1 Bxd1 0-1


[Site "https://www.chess.com"]

[Event "Titled Tuesday Blitz August 1 Late 2023"]
[White "Herman, Daniel"]
[Black "Krzyzanowski, Marcin"]
[WhiteFideId "30935008"]
[BlackFideId "1132199"]
[WhiteElo "2437"]
[BlackElo "2774"]
[Result "0-1"]
[Round "1"]
[TimeControl "180+1"]
[Date "2023.08.01"]
[WhiteClock "0:00:00"]
[BlackClock "0:00:04"]
[Board "49"]

1. c4 e5 2. Nc3 Bb4 3. Nd5 a5 4. Nxb4 axb4 5. b3 Nc6 6. Bb2 d5 7. cxd5 Qxd5 8. Nf3 Nf6 9. d3 O-O 10. g3 Nd4 11. Bg2 Bg4 12. O-O Bxf3 13. exf3 Qd6 14. Re1 c5 15. f4 exf4 16. Bxb7 Rae8 17. Bxd4 Qxd4 18. Qf3 fxg3 19. hxg3 Ng4 20. Be4 Ne5 21. Qe3 Qd6 22. Rac1 Nd7 23. Qf3 g6 24. Bd5 Re5 25. Bc4 Kg7 26. Qf4 f6 27. Re3 g5 28. Qf3 Rfe8 29. Rce1 R8e7 30. Rxe5 Nxe5 31. Qf5 Nf3+ 32. Qxf3 Rxe1+ 33. Kg2 Re8 34. Qb7+ Qe7 35. Qf3 Rb8 36. Bd5 Rd8 37. Be4 Qf7 38. Qf5 Kh8 39. Qxc5 Rf8 40. Qf5 Qg6 41. Qxg6 hxg6 42. Bxg6 Ra8 43. Bf7 Rxa2 44. Bc4 Kg7 45. Kf3 f5 46. Ke3 Kf6 47. d4 Rc2 48. f4 Rc3+ 49. Kf2 g4 50. Kg2 Rf3 51. d5 Ke7 52. Bb5 Rxb3 53. Ba6 Rc3 0-1


[Site "https://www.chess.com"]